 Dungeon Crawl Stone Soup version 0.29-a0-284-gf9362112df (webtiles) character file.

Game seed: 9912787486491180813

53 NotOkHand the Chopper (level 3, 0/28 HPs)
             Began as a Demonspawn Gladiator on Mar 25, 2022.
             Was an Initiate of Makhleb.
             Frozen to death by an endoplasm (2 damage)
             ... on level 3 of the Dungeon.
             The game lasted 00:12:56 (1686 turns).

NotOkHand the Chopper (Demonspawn Gladiator)        Turns: 1686, Time: 00:12:57

Health: 0/28       AC:  9    Str: 16    XL:     3   Next: 62%
Magic:  3/3        EV: 12    Int:  9    God:    Makhleb [......]
Gold:   146        SH:  0    Dex: 14    Spells: 2/2 levels left

rFire   x . .      SeeInvis .   a - +0 war axe
rCold   + . .      Faith    .   (no shield)
rNeg    . . .      Spirit   .   n - +1 acid dragon scales
rPois   .          Reflect  .   c - +0 helmet
rElec   .          Harm     .   (no cloak)
rCorr   +          Rampage  .   o - +0 pair of gloves
Will    .....                   (no boots)
Stlth   +.........              (no amulet)
HPRegen 0.09/turn               i - ring of ice
MPRegen 0.08/turn               (no ring)

@: no status effects
A: hooves 1
a: Renounce Religion


You were on level 3 of the Dungeon.
You worshipped Makhleb.
Makhleb was noncommittal.
You visited 1 branch of the dungeon, and saw 3 of its levels.

You collected 146 gold pieces.

Inventory:

Hand Weapons
 a - a +0 war axe (weapon)
Missiles
 d - 3 throwing nets (quivered)
 e - a javelin
Armour
 b - a +0 leather armour
 c - a +0 helmet (worn)
 k - a +0 ring mail
 n - +1 acid dragon scales (worn)
 o - a +0 pair of gloves (worn)
Magical Staves
 h - a staff of air
 p - a staff of death
Jewellery
 i - a ring of ice (left hand)
Scrolls
 j - a scroll of noise
 m - a scroll of enchant weapon {unknown}
Potions
 f - a potion of flight {unknown}
 g - 2 potions of resistance
 l - a potion of mutation {unknown}
 q - a potion of heal wounds {unknown}
 r - a potion of invisibility {unknown}


   Skills:
 + Level 2.3 Fighting
 + Level 3.3 Axes
 + Level 1.8 Throwing
 + Level 0.7 Armour
 + Level 3.0 Dodging
 + Level 1.1 Stealth


You had 2 spell levels left.
You didn't know any spells.
Your spell library was empty.

Dungeon Overview and Level Annotations

Branches:
Dungeon (3/15)

Altars:
Makhleb


Innate Abilities, Weirdness & Mutations

You have large cloven feet.


Message History

The orc closely misses you. The bat hits you but does no damage.
You barely miss the orc.
The orc is heavily wounded.
You hit the orc priest but do no damage.
You barely miss the bat. The bat barely misses you. The orc barely misses you.
The orc priest barely misses you.
A puff of flame appears from out of thin air!
The puff of flame hits you. The fire burns you terribly!
* * * LOW HITPOINT WARNING * * *
The orc hits you with a +0 mace.
* * * LOW HITPOINT WARNING * * *
The orc priest begins to cast a cantrip, but forgets the words!
You barely miss the orc. You kick the orc.
The orc is severely wounded.
You slash the bat!
You kill the bat!
Makhleb accepts your kill.
You barely miss the orc priest.
The orc priest hits you with a +0 morningstar.
* * * LOW HITPOINT WARNING * * *
The orc hits you but does no damage.
You hit the orc priest.
The orc priest is lightly wounded.
You hit the orc.
You kill the orc!
Makhleb accepts your kill.
You hit the endoplasm.
The orc priest looks satisfied for a moment.
The endoplasm hits you but does no damage.
You barely miss the endoplasm.
You kick the endoplasm, but do no damage.
The endoplasm is severely wounded.
You barely miss the orc priest. The endoplasm freezes you.
You are frozen.
You resist.
* * * LOW HITPOINT WARNING * * *
The orc priest hits you but does no damage.
The endoplasm freezes you.
You are frozen.
You resist.
You die...

## ## #.
#.... #.#.
... #####
#..#.#.#)...#
#.....)@o...#
#..#.#.#J...#
... ....#
#.#. .......
..... .......
..# #.
....### #..
.. ..... ..
#. .....#


You could see an orc priest and an endoplasm.

Vanquished Creatures
  An adder (D:2)
  A dart slug (D:2)
  3 orcs (D:3)
  2 bats
  3 endoplasms
  2 giant cockroaches
  A goblin (D:1)
  3 jackals (D:2)
  4 kobolds
  2 quokkas (D:2)
  8 ball pythons
  3 frilled lizards
  4 rats (D:2)
37 creatures vanquished.

Notes
Turn   | Place    | Note
-------+----------+-------------------------------------------
     0 | D:1      | NotOkHand the Demonspawn Gladiator began the quest for the
                  | Orb.
     0 | D:1      | Reached XP level 1. HP: 16/16 MP: 1/1
   457 | D:1      | Gained mutation: You have large cloven feet. [demonic
                  | ancestry]
   457 | D:1      | Reached XP level 2. HP: 22/22 MP: 2/2
  1020 | D:2      | Reached skill level 1 in Stealth
  1249 | D:2      | Found a burning altar of Makhleb.
  1264 | D:2      | Became a worshipper of Makhleb the Destroyer
  1301 | D:2      | Reached XP level 3. HP: 27/27 MP: 3/3
  1630 | D:2      | Found a faded altar of an unknown god.
  1686 | D:3      | Frozen to death by an endoplasm

Illustrated notes

Levels and vault maps discovered:
D:1:      dpeg_arrival_brainrot, layout_loops_ring
D:2:      layout_basic, dilly_ecumenical_altar_fadedgnrine, basic_altar
D:3:      layout_basic, st_stairs_13, uniq_grinder

Skill      XL: |  1  2  3 |
---------------+----------+-----
Axes           | 3 |  3.3
Stealth        | 1 |  1.1
Dodging        | 3 |  3.0
Fighting       | |  2.3
Throwing       | |  1.8
Armour         | |  0.7

Action                   || total
-------------------------++-------
Melee: War axe           ||    89
       Kick              ||    14
  Use: Scroll            ||     5
 Stab: Sleeping          ||     1
Armor: Leather armour    ||     1
       Acid dragon scale ||    50
Dodge: Dodged            ||    76

Table legend: (Time is in decaauts)
 A = Elapsed time spent in this place.
 B = Non-inter-level travel time spent in this place.
 C = Inter-level travel time spent in this place.
 D = Time resting spent in this place.
 E = Time spent auto-exploring this place.
 F = Levels seen in this place.
 G = Mean time per level.
                   A        B        C        D        E       F      G
               +--------+--------+--------+--------+--------+-----+--------+
         Total |   1716 |    651 |   1065 |      0 |      0 |   3 |  572.0 |
       Dungeon |   1716 |    651 |   1065 |      0 |      0 |   3 |  572.0 |
               +--------+--------+--------+--------+--------+-----+--------+

Top non-repeatable levels by time:
     D:1: 958 daAuts
     D:2: 747 daAuts
     D:3: 11 daAuts
